Workbook

Sheet Order Summary
J2: 2330 Southfield Road, Unit 4, Mississauga Ontario L5N 2W8
J3: T 905.542.0605 F 905.542.8026 www.costumesbyjazzamatazz.com
R5: * = Required
K8: Bill To:
B9: Customer Number: | K9: Address: | L9: *
B11: Studio Name: | D11: * | K11: City: | L11: *
B13: Contact Name: | D13: * | K13: Province: | L13: *
B15: Daytime Telephone: | D15: * | K15: Postal Code: | L15: *
B17: Studio Telephone: | D17: * | K17: Ship To:
B19: Email Address: | D19: * | K19: Address: | L19: *
B21: Order Date: | D21: * | K21: City: | L21: *
K23: Province: | L23: *
B25: Total Order: | E25: = | F25: ='Order Form Pg 1'!AA34 -> 0 | K25: Postal Code: | L25: * | O25: Desired Ship Date:
B27: Early Order Discount: | E27: - | K27: Payment Information | S27: Tax Rate: | U27: =IFERROR(VLOOKUP(M13,'Taxes & Shipping'!B5:C17,2,FALSE),0) -> 0
B29: Subtotal: | E29: = | F29: =F25-F27 -> 0 | K29: Deposit | O29: Balance | S29: Shipping Rate: | U29: =IFERROR(VLOOKUP(M23,'Taxes & Shipping'!E5:F17,2,FALSE),0) -> 0
B31: Shipping: | E31: + | F31: =IFERROR(MAX(F29*U29,VLOOKUP(M23,'Taxes & Shipping'!E5:G17,3,FALSE)),0) -> 0 | K31: Visa | O31: Visa | S31: NOTE: The Tax & Shipping Rates will auto-populate once you select a billing & shipping province from the drop-down menu.
B33: Tax: | E33: + | F33: =IFERROR((F29+F31)*U27,0) -> 0 | K33: Mastercard | O33: Mastercard
B35: Total Cost of Order: | E35: = | F35: =F29+F31+F33 -> 0 | K35: Amex | O35: Amex
B37: Less 50% (or more) Deposit: | E37: - | K37: E-Transfer | O37: E-Transfer
B40: Balance (Due Prior to Shipping): | E40: = | K40: Full Payment Option
K43: Card Number: | U43: (no spaces)
C45: HST No. 889893053TR0001 | K45: Name on Card:
C47: Please note: Minimum shipping charge | K47: Expiry Date(mm/yy):
C49: is $30 in Ontario and $35 outside | K49: CVV Code:
C51: of Ontario.

Sheet Order Form Pg 1
B2: Studio Name:
B4: Page # | C4: Item Code / Code de l'article | D4: Style Name / Nom du style | E4: Colour | F4: 3-3X | G4: 4-5 | H4: 6-6X | I4: 7-8 | J4: 8-10 | K4: 10-12 | L4: 12-14 | M4: 14-16 | N4: 7-8 PLUS | O4: 8-10 PLUS | P4: 10-12 PLUS | Q4: 12-14 PLUS | R4: 14-16 PLUS | S4: 16-18 PLUS | T4: XS | U4: S/P | V4: M | W4: L/G | X4: XL | Y4: XXL | Z4: Total Quantity | AA4: Unit Price | AB4: TOTAL
Z5: =SUM(F5:Y5) -> 0 | AB5: =Z5*AA5 -> 0
Z6: =SUM(F6:Y6) -> 0 | AB6: =Z6*AA6 -> 0
Z7: =SUM(F7:Y7) -> 0 | AB7: =Z7*AA7 -> 0
Z8: =SUM(F8:Y8) -> 0 | AB8: =Z8*AA8 -> 0
Z9: =SUM(F9:Y9) -> 0 | AB9: =Z9*AA9 -> 0
Z10: =SUM(F10:Y10) -> 0 | AB10: =Z10*AA10 -> 0
Z11: =SUM(F11:Y11) -> 0 | AB11: =Z11*AA11 -> 0
Z12: =SUM(F12:Y12) -> 0 | AB12: =Z12*AA12 -> 0
Z13: =SUM(F13:Y13) -> 0 | AB13: =Z13*AA13 -> 0
Z14: =SUM(F14:Y14) -> 0 | AB14: =Z14*AA14 -> 0
Z15: =SUM(F15:Y15) -> 0 | AB15: =Z15*AA15 -> 0
Z16: =SUM(F16:Y16) -> 0 | AB16: =Z16*AA16 -> 0
... Z32: =SUM(F32:Y32) -> 0 | AB32: =Z32*AA32 -> 0
B33: Pg 1 Total | Z33: =SUM(Z5:Z32) -> 0 | AB33: =SUM($AB$5:$AB$32) -> 0
B34: ORDER TOTAL | Z34: =Z33+'Order Form Pg 2'!Z33+'Order Form Pg 3'!Z33+'Order Form Pg 4'!Z33 -> 0 | AA34: =AB33+'Order Form Pg 2'!AB33+'Order Form Pg 3'!AB33+'Order Form Pg 4'!AB33 -> 0

Sheet Order Form Pg 2
B2: Studio Name:
B4: Page # | C4: Item Code / Code de l'article | D4: Style Name / Nom du style | E4: Colour | F4: 3-3X | G4: 4-5 | H4: 6-6X | I4: 7-8 | J4: 8-10 | K4: 10-12 | L4: 12-14 | M4: 14-16 | N4: 7-8 PLUS | O4: 8-10 PLUS | P4: 10-12 PLUS | Q4: 12-14 PLUS | R4: 14-16 PLUS | S4: 16-18 PLUS | T4: XS | U4: S/P | V4: M | W4: L/G | X4: XL | Y4: XXL | Z4: Total Quantity | AA4: Unit Price | AB4: TOTAL
Z5: =SUM(F5:Y5) -> 0 | AB5: =Z5*AA5 -> 0
Z6: =SUM(F6:Y6) -> 0 | AB6: =Z6*AA6 -> 0
Z7: =SUM(F7:Y7) -> 0 | AB7: =Z7*AA7 -> 0
Z8: =SUM(F8:Y8) -> 0 | AB8: =Z8*AA8 -> 0
Z9: =SUM(F9:Y9) -> 0 | AB9: =Z9*AA9 -> 0
Z10: =SUM(F10:Y10) -> 0 | AB10: =Z10*AA10 -> 0
Z11: =SUM(F11:Y11) -> 0 | AB11: =Z11*AA11 -> 0
Z12: =SUM(F12:Y12) -> 0 | AB12: =Z12*AA12 -> 0
Z13: =SUM(F13:Y13) -> 0 | AB13: =Z13*AA13 -> 0
Z14: =SUM(F14:Y14) -> 0 | AB14: =Z14*AA14 -> 0
Z15: =SUM(F15:Y15) -> 0 | AB15: =Z15*AA15 -> 0
Z16: =SUM(F16:Y16) -> 0 | AB16: =Z16*AA16 -> 0
... Z32: =SUM(F32:Y32) -> 0 | AB32: =Z32*AA32 -> 0
B33: Pg 2 Total | Z33: =SUM(Z5:Z32) -> 0 | AB33: =SUM($AB$5:$AB$32) -> 0
B34: ORDER TOTAL | Z34: =Z33+'Order Form Pg 1'!Z33+'Order Form Pg 3'!Z33+'Order Form Pg 4'!Z33 -> 0 | AA34: =AB33+'Order Form Pg 1'!AB33+'Order Form Pg 3'!AB33+'Order Form Pg 4'!AB33 -> 0

Sheet Order Form Pg 3
B2: Studio Name:
B4: Page # | C4: Item Code / Code de l'article | D4: Style Name / Nom du style | E4: Colour | F4: 3-3X | G4: 4-5 | H4: 6-6X | I4: 7-8 | J4: 8-10 | K4: 10-12 | L4: 12-14 | M4: 14-16 | N4: 7-8 PLUS | O4: 8-10 PLUS | P4: 10-12 PLUS | Q4: 12-14 PLUS | R4: 14-16 PLUS | S4: 16-18 PLUS | T4: XS | U4: S/P | V4: M | W4: L/G | X4: XL | Y4: XXL | Z4: Total Quantity | AA4: Unit Price | AB4: TOTAL
Z5: =SUM(F5:Y5) -> 0 | AB5: =Z5*AA5 -> 0
Z6: =SUM(F6:Y6) -> 0 | AB6: =Z6*AA6 -> 0
Z7: =SUM(F7:Y7) -> 0 | AB7: =Z7*AA7 -> 0
Z8: =SUM(F8:Y8) -> 0 | AB8: =Z8*AA8 -> 0
Z9: =SUM(F9:Y9) -> 0 | AB9: =Z9*AA9 -> 0
Z10: =SUM(F10:Y10) -> 0 | AB10: =Z10*AA10 -> 0
Z11: =SUM(F11:Y11) -> 0 | AB11: =Z11*AA11 -> 0
Z12: =SUM(F12:Y12) -> 0 | AB12: =Z12*AA12 -> 0
Z13: =SUM(F13:Y13) -> 0 | AB13: =Z13*AA13 -> 0
Z14: =SUM(F14:Y14) -> 0 | AB14: =Z14*AA14 -> 0
Z15: =SUM(F15:Y15) -> 0 | AB15: =Z15*AA15 -> 0
Z16: =SUM(F16:Y16) -> 0 | AB16: =Z16*AA16 -> 0
... Z32: =SUM(F32:Y32) -> 0 | AB32: =Z32*AA32 -> 0
B33: Pg 3 Total | Z33: =SUM(Z5:Z32) -> 0 | AB33: =SUM($AB$5:$AB$32) -> 0
B34: ORDER TOTAL | Z34: =Z33+'Order Form Pg 4'!Z33+'Order Form Pg 2'!Z33+'Order Form Pg 1'!Z33 -> 0 | AA34: =AB33+'Order Form Pg 4'!AB33+'Order Form Pg 2'!AB33+'Order Form Pg 1'!AB33 -> 0

Sheet Order Form Pg 4
B2: Studio Name:
B4: Page # | C4: Item Code / Code de l'article | D4: Style Name / Nom du style | E4: Colour | F4: 3-3X | G4: 4-5 | H4: 6-6X | I4: 7-8 | J4: 8-10 | K4: 10-12 | L4: 12-14 | M4: 14-16 | N4: 7-8 PLUS | O4: 8-10 PLUS | P4: 10-12 PLUS | Q4: 12-14 PLUS | R4: 14-16 PLUS | S4: 16-18 PLUS | T4: XS | U4: S/P | V4: M | W4: L/G | X4: XL | Y4: XXL | Z4: Total Quantity | AA4: Unit Price | AB4: TOTAL
Z5: =SUM(F5:Y5) -> 0 | AB5: =Z5*AA5 -> 0
Z6: =SUM(F6:Y6) -> 0 | AB6: =Z6*AA6 -> 0
Z7: =SUM(F7:Y7) -> 0 | AB7: =Z7*AA7 -> 0
Z8: =SUM(F8:Y8) -> 0 | AB8: =Z8*AA8 -> 0
Z9: =SUM(F9:Y9) -> 0 | AB9: =Z9*AA9 -> 0
Z10: =SUM(F10:Y10) -> 0 | AB10: =Z10*AA10 -> 0
Z11: =SUM(F11:Y11) -> 0 | AB11: =Z11*AA11 -> 0
Z12: =SUM(F12:Y12) -> 0 | AB12: =Z12*AA12 -> 0
Z13: =SUM(F13:Y13) -> 0 | AB13: =Z13*AA13 -> 0
Z14: =SUM(F14:Y14) -> 0 | AB14: =Z14*AA14 -> 0
Z15: =SUM(F15:Y15) -> 0 | AB15: =Z15*AA15 -> 0
Z16: =SUM(F16:Y16) -> 0 | AB16: =Z16*AA16 -> 0
... Z32: =SUM(F32:Y32) -> 0 | AB32: =Z32*AA32 -> 0
B33: Pg 4 Total | Z33: =SUM(Z5:Z32) -> 0 | AB33: =SUM($AB$5:$AB$32) -> 0
B34: ORDER TOTAL | Z34: =Z33+'Order Form Pg 1'!Z33+'Order Form Pg 3'!Z33+'Order Form Pg 2'!Z33 -> 0 | AA34: =AB33+'Order Form Pg 3'!AB33+'Order Form Pg 2'!AB33+'Order Form Pg 1'!AB33 -> 0

Sheet Taxes & Shipping
B3: Taxes | E3: Shipping (whichever value is higher)
B4: Province | C4: Rate | E4: Province | F4: Rate | G4: Minimum
B5: Ontario | C5: 0.13 | E5: Ontario | F5: 0.03 | G5: 30
B6: Alberta | C6: 0.05 | E6: Alberta | F6: 0.04 | G6: 35
B7: British Columbia | C7: 0.05 | E7: British Columbia | F7: 0.04 | G7: 35
B8: Manitoba | C8: 0.05 | E8: Manitoba | F8: 0.04 | G8: 35
B9: Newfoundland & Labrador | C9: 0.15 | E9: Newfoundland & Labrador | F9: 0.04 | G9: 35
B10: Northwest Territories | C10: 0.05 | E10: Northwest Territories | F10: 0.04 | G10: 35
B11: Nova Scotia | C11: 0.15 | E11: Nova Scotia | F11: 0.04 | G11: 35
B12: Nunavut | C12: 0.05 | E12: Nunavut | F12: 0.04 | G12: 35
B13: Prince Edward Island | C13: 0.15 | E13: Prince Edward Island | F13: 0.04 | G13: 35
B14: Québec | C14: 0.05 | E14: Québec | F14: 0.04 | G14: 35
B15: Saskatchewan | C15: 0.05 | E15: Saskatchewan | F15: 0.04 | G15: 35
B16: Yukon | C16: 0.05 | E16: Yukon | F16: 0.04 | G16: 35
B17: New Brunswick | C17: 0.15 | E17: New Brunswick | F17: 0.04 | G17: 35
